AoeStats
← D.V

Arena

509775319Analyzed
4v4 RM · 5d ago on Sep 28, 2026· 50m 8s· 8 players
Game mode
Random Map
Map size
Large (8 player)
Population
200
Speed
Normal
Resources
Standard
Victory
Conquest
Starting age
Dark Age
Ending age
Imperial Age
RankedLock teamsTeams togetherTeam positionsShared explorationLock speedFull tech treeHidden civsTurbo modeCheats
Victory
Defeat
🇨🇦 Italians · Canada
858
+14
🇲🇽 Cumans · Mexico
830
+15
🇲🇽 Bohemians · Mexico
815
+16
🇦🇷 Varangians · Argentina
731
+19
🇨🇦 Bohemians · Canada
931
-21
🇨🇴 Persians · Colombia
831
-17
🇨🇴 Byzantines · Colombia
736
-13
🇨🇴 Ethiopians · Colombia
735
-13
Sow
0:42 Loom
11:13 Feudal Age
13:26 Double-Bit Axe
18:14 Castle Age
16:42 Horse Collar
20:56 Crossbowman
21:00 Pikeman
23:26 Fervor
23:24 Man-at-Arms
24:53 Fletching
29:59 Elite Skirmisher
33:15 Imperial Age
31:24 Wheelbarrow
31:39 Bow Saw
31:40 Caravan
31:53 Padded Archer Armor
32:34 Fortified Wall
33:27 Chemistry
32:45 Fortified Wall
33:20 Town Watch
33:51 Hand Cart
33:59 Leather Archer Armor
34:03 Bodkin Arrow
35:47 Two-Man Saw
36:15 Conscription
35:22 Halberdier
38:03 Town Patrol
38:06 Arbalester
38:14 Long Swordsman
40:28 Houfnice
42:18 Ballistics
41:54 Murder Holes
42:10 Masonry
42:06 Siege Engineers
42:34 Two-Handed Swordsman
43:15 Squires
43:01 Arson
42:43 Elite Hussite Wagon
46:15 Bracer
46:46 Ring Archer Armor
46:22 Scale Barding Armor
46:18 Scale Mail Armor
46:29 Forging
Noob_BoT
4:41 Loom
9:35 Feudal Age
14:15 Double-Bit Axe
17:37 Castle Age
15:53 Double-Bit Axe
15:50 Horse Collar
16:29 Gold Mining
22:13 Wheelbarrow
26:01 Stone Mining
30:20 Imperial Age
28:56 Heavy Plow
30:42 Fletching
30:53 Padded Archer Armor
31:22 Bow Saw
31:50 Conscription
32:06 Conscription
31:48 Bodkin Arrow
32:14 Pikeman
33:29 Ballistics
34:06 Stone Shaft Mining
36:04 Thumb Ring
36:17 Leather Archer Armor
36:25 Hand Cart
38:31 Chemistry
37:32 Town Watch
38:31 Bracer
39:02 Ring Archer Armor
38:42 Squires
39:42 Arson
40:45 Elite Genoese Crossbowman
41:58 Silk Road
41:43 Caravan
42:55 Scale Mail Armor
43:05 Forging
43:27 Crop Rotation
44:39 Pirotechnia
44:50 Chain Mail Armor
45:11 Iron Casting
44:55 Town Patrol
46:50 Plate Mail Armor
KcoasRaulMx
0:56 Loom
11:47 Feudal Age
14:01 Horse Collar
14:11 Double-Bit Axe
21:32 Castle Age
19:28 Fletching
20:11 Padded Archer Armor
20:14 Gold Mining
22:51 Forging
23:04 Stone Mining
25:18 Bow Saw
25:05 Town Watch
26:15 Scale Barding Armor
26:45 Ballistics
26:57 Scale Mail Armor
26:49 Elite Skirmisher
28:05 Crossbowman
29:13 Fervor
29:27 Steppe Husbandry
29:37 Bodkin Arrow
32:29 Wheelbarrow
36:06 Imperial Age
34:39 Hand Cart
34:41 Masonry
35:33 Gold Shaft Mining
37:47 Chemistry
37:28 Iron Casting
37:17 Conscription
38:16 Two-Man Saw
37:19 Heavy Plow
38:41 Town Patrol
38:53 Thumb Ring
38:12 Light Cavalry
38:13 Cavalier
39:03 Bloodlines
39:26 Elite Steppe Lancer
40:49 Chain Barding Armor
42:11 Blast Furnace
41:33 Hussar
42:51 Cuman Mercenaries
44:35 Plate Barding Armor
44:55 Elite Kipchak
45:53 Leather Archer Armor
46:27 Paladin
47:36 Squires
46:57 Pikeman
49:25 Caravan
50:07 Crop Rotation
braian4400
7:04 Loom
10:48 Feudal Age
11:30 Double-Bit Axe
13:35 Wheelbarrow
13:46 Horse Collar
21:59 Castle Age
22:04 Scale Mail Armor
22:15 Forging
22:05 Arson
22:20 Gold Mining
22:57 Gambesons
24:12 Squires
25:54 Chain Mail Armor
26:58 Iron Casting
36:28 Imperial Age
37:12 Fletching
37:28 Scale Barding Armor
37:25 Padded Archer Armor
38:31 Conscription
38:22 Husbandry
38:34 Bloodlines
39:22 Heavy Plow
42:10 Elite Varangian Guard
45:23 Leather Archer Armor
47:13 Plate Mail Armor
47:44 Blast Furnace
46:57 Gothikon
48:56 Hand Cart
D.V
12:49 Feudal Age
13:56 Double-Bit Axe
15:18 Horse Collar
15:42 Gold Mining
20:15 Wheelbarrow
20:30 Stone Mining
22:49 Castle Age
23:10 Fletching
23:20 Padded Archer Armor
23:32 Forging
23:24 Scale Mail Armor
23:20 Stone Mining
24:01 Scale Barding Armor
24:58 Gold Shaft Mining
24:55 Bow Saw
25:33 Elite Skirmisher
25:57 Pikeman
27:08 Leather Archer Armor
27:31 Heavy Plow
30:13 Loom
32:37 Kamandaran
34:13 Iron Casting
33:54 Chain Mail Armor
34:24 Light Cavalry
35:14 Bloodlines
35:05 Husbandry
35:57 Hand Cart
37:05 Squires
36:54 Arson
37:22 Thumb Ring
36:41 Crossbowman
40:12 Imperial Age
palomuno
8:21 Loom
11:44 Feudal Age
14:34 Horse Collar
17:38 Castle Age
15:29 Double-Bit Axe
18:10 Elite Skirmisher
23:23 Crossbowman
28:43 Thumb Ring
28:28 Man-at-Arms
29:12 Long Swordsman
32:44 Scale Mail Armor
35:45 Fortified Wall
40:21 Forging
40:27 Chain Mail Armor
47:37 Imperial Age
47:27 Bow Saw
47:39 Heavy Plow
49:02 Gold Mining
48:52 Two-Handed Swordsman
Bohuman
13:51 Loom
16:37 Feudal Age
18:31 Wheelbarrow
19:30 Loom
22:15 Castle Age
20:39 Double-Bit Axe
20:38 Horse Collar
23:37 Bow Saw
23:30 Heavy Plow
24:34 Fervor
24:44 Sanctity
37:45 Imperial Age
36:58 Chemistry
38:33 Hand Cart
38:59 Conscription
42:07 Fletching
42:18 Scale Mail Armor
jd.cuadros185
7:05 Loom
13:39 Feudal Age
13:56 Man-at-Arms
14:44 Double-Bit Axe
20:00 Wheelbarrow
23:48 Castle Age
25:18 Elite Skirmisher
27:16 Horse Collar
27:49 Bow Saw
28:07 Forging
29:45 Iron Casting
34:00 Imperial Age
33:05 Ballistics
33:56 Scale Barding Armor
34:14 Gold Mining
36:53 Chemistry
36:05 Fortified Wall
38:55 Stone Mining
39:26 Thumb Ring
40:23 Crossbowman
41:11 Fletching
41:42 Chain Barding Armor
41:23 Scale Mail Armor
41:39 Light Cavalry
42:27 Husbandry
43:59 Stone Shaft Mining
43:59 Gold Shaft Mining
44:07 Arbalester
45:41 Heavy Plow
47:36 Cavalier
Connection lost

Rejoining the realm…

Still unreachable

The connection could not be restored.

Session expired

The server has moved on; the page needs a fresh start.